 Dungeon Crawl Stone Soup version 0.23-a0-650-ga4d50d4 (webtiles) character file.

39 Amnesiac the Changer (level 3, -1/18 HPs)
             Began as a Spriggan Transmuter on Jan 2, 2019.
             Slain by a leopard gecko (3 damage)
             ... on level 3 of the Dungeon.
             The game lasted 00:02:33 (735 turns).

Amnesiac the Changer (Spriggan Transmuter)           Turns: 735, Time: 00:02:34

Health: -1/18      AC:  2    Str:  6    XL:     3   Next: 26%
Magic:  3/8        EV: 19    Int: 15    God:
Gold:   31         SH:  0    Dex: 16    Spells: 5/8 levels left

rFire    . . .     SeeInvis +     - Unarmed
rCold    . . .     Gourm    .   (shield restricted)
rNeg     . . .     Faith    .   b - +0 robe
rPois    .         Spirit   .   (helmet restricted)
rElec    .         Reflect  .   (no cloak)
rCorr    .         Harm     .   (gloves unavailable)
MR       .....                  (boots unavailable)
Stlth    +.........             (no amulet)
HPRegen  0.06/turn              (no ring)
MPRegen  0.11/turn              (no ring)

@: slow
A: very small, unfitting armour, see invisible, herbivore, speed 3, slow
metabolism 2
a: no special abilities


You were on level 3 of the Dungeon.
You were not hungry.

You visited 1 branch of the dungeon, and saw 3 of its levels.

You collected 31 gold pieces.

Inventory:

Missiles
 a - 5 arrows
Armour
 b - a +0 robe (worn)
Scrolls
 e - a scroll of identify {!r, unknown}
Potions
 c - a potion of degeneration {!q, unknown}
Comestibles
 d - a ration


   Skills:
 - Level 1.0 Fighting
 + Level 3.7 Dodging
 - Level 2.4 Unarmed Combat
 + Level 3.2 Spellcasting
 * Level 4.0 Transmutations


You had 5 spell levels left.
You knew the following spells:

 Your Spells              Type           Power        Failure   Level  Hunger
a - Beastly Appendage     Tmut           ##....       3%          1    #......
b - Sticks to Snakes      Tmut           ##......     6%          2    ##.....

Your spell library contained the following spells:

 Spells                   Type           Power        Failure   Level  Hunger
 Magic Dart               Conj           #...         21%         1    #......
 Spider Form              Tmut/Pois      #.........   26%         3    ###....
 Searing Ray              Conj           #.....       30%         2    ##.....
 Dazzling Spray           Conj/Hex       #.....       52%         3    ###....
 Ice Form                 Ice/Tmut       #.......     65%         4    #####..
 Blade Hands              Tmut           ##........   71%         5    ######.
 Force Lance              Conj/Tloc      #.......     89%         4    #####..
 Fulminant Prism          Conj/Hex       #.........   89%         4    #####..
 Iskenderun's Mystic Bla  Conj           #.......     89%         4    #####..


Dungeon Overview and Level Annotations

Branches:
Dungeon (3/15)

Altars:


Innate Abilities, Weirdness & Mutations

You are very small and have problems with some larger weapons.
You are too small for most types of armour.
You have supernaturally acute eyesight. (SInv)
You are a herbivore.
You cover ground extremely quickly.
You need to consume almost no food.


Message History

You kill the jackal!
You see here a jackal corpse.
Things that are here:
a giant cockroach corpse; a jackal corpse You start resting.
Your transformation is almost over.
You start resting.
Your magical contamination has completely faded away.
You start resting.
Your talons disappear.
A jackal comes into view.
The jackal barks!
You see here 23 stones.
Casting: Beastly Appendage (safe; 3% risk of failure)
Confirm with . or Enter, or press ? or * to list all spells.
You create a snake!
You now have 6 arrows.
The jackal misses your adder. The jackal closely misses your adder.
You hear the slow rusting of a drain.
The jackal closely misses your adder. The jackal closely misses your adder.
The jackal bites your adder but does no damage.
The jackal completely misses your adder.
The jackal bites your adder. The jackal bites your adder. x2
The jackal misses your adder. The jackal misses your adder.
The jackal closely misses you.
You barely miss the jackal.
The jackal is severely wounded.
The jackal closely misses you.
The jackal dies!
Your Transmutations skill increases to level 4!
You swap places.
You enter the shallow water.
A leopard gecko comes into view.
The leopard gecko hisses angrily.
The leopard gecko misses you. The leopard gecko barely misses you.
You closely miss the leopard gecko.
Your adder withers and dies!
The leopard gecko misses you. x2
A leopard gecko comes into view.
Casting: Sticks to Snakes (safe; 6% risk of failure)
Confirm with . or Enter, or press ? or * to list all spells.
You create a snake!
You now have 5 arrows.
The leopard gecko hisses angrily.
The leopard gecko bites you.
* * * LOW HITPOINT WARNING * * *
You hit the leopard gecko but do no damage.
The leopard gecko closely misses you.
You closely miss the leopard gecko.
The leopard gecko is heavily wounded.
The leopard gecko closely misses you.
You closely miss the leopard gecko.
The leopard gecko is moderately wounded.
The leopard gecko bites you.
* * * LOW HITPOINT WARNING * * *
The leopard gecko completely misses you.
The leopard gecko closely misses you.
You enter the shallow water.
The leopard gecko completely misses you.
The leopard gecko misses you.
A giant cockroach comes into view.
The leopard gecko bites you.
You die...

... .# #........ #.#
........ #..###.......
## #.#.......... #..
#.##.#.......
#.s#########.##.........
#.≈≈≈Sl≈≈≈≈#.# #.......
#≈≈.≈l@≈≈...#####......
########≈.(...........#
###..##########.
#..........†.†
#..########### #..# #..#
#..# #..#


You could see 2 leopard geckos, a giant cockroach and a friendly ball python.

Vanquished Creatures
  An ooze (D:3)
  2 dart slugs (D:1)
  A leopard gecko (D:1)
  4 goblins
  A hobgoblin (D:1)
  A jackal (D:3)
  A kobold (D:1)
  A quokka (D:2)
  2 bats
  3 frilled lizards
17 creatures vanquished.

Vanquished Creatures (collateral kills)
  An adder (D:3)
  A ball python (D:3)
  A giant cockroach (D:3)
  4 jackals (D:3)
  A kobold (D:3)
8 creatures vanquished.

Grand Total: 25 creatures vanquished

Notes
Turn   | Place    | Note
-------+----------+-------------------------------------------
     0 | D:1      | Amnesiac the Spriggan Transmuter began the quest for the
                  | Orb.
     0 | D:1      | Reached XP level 1. HP: 9/9 MP: 5/5
    44 | D:1      | Reached skill level 3 in Transmutations
    95 | D:1      | Reached skill level 1 in Fighting
   139 | D:1      | Reached XP level 2. HP: 14/14 MP: 4/6
   144 | D:1      | Learned a level 2 spell: Sticks to Snakes
   451 | D:2      | Noticed a bullfrog
   539 | D:3      | Reached XP level 3. HP: 3/18 MP: 3/8
   718 | D:3      | Reached skill level 4 in Transmutations
   735 | D:3      | Slain by a leopard gecko

Vault maps used:
D:1:      scummos_arrival_forest
D:2:      first_ration, nemelex_diamond_rough_becter
D:3:      gup_sewer_entry_pipe, goddamned_bats, uniq_sigmund, uniq_grinder,
          uniq_jessica

Skill      XL: |  1  2  3 |
---------------+----------+-----
Transmutations | 3 4 |  4.0
Fighting       | 1 |  1.0
Spellcasting   | 3 |  3.2
Dodging        | |  3.7
Unarmed Combat | |  2.4

Action                   || total
-------------------------++-------
Melee: Unarmed           ||    77
       Kick              ||    10
       Headbutt          ||     4
       Punch             ||     1
 Cast: Beastly Appendage ||    15
       Sticks to Snakes  ||     7
 Stab: Sleeping          ||     1
Armor: Robe              ||     6
Dodge: Dodged            ||    69

Table legend:
 A = Non-vault XP
 B = Vault XP
 C = Vault XP percentage of total XP
 D = Non-vault monster count
 E = Vault monster count
 F = Vault count percentage of total count
                 A         B        C        D         E       F
            +---------+---------+-------+---------+---------+-------
      Total |      55 |       1 |   1.8 |      24 |       1 |   4.0
            +---------+---------+-------+---------+---------+-------
        D:1 |      23 |       0 |   0.0 |      10 |       0 |   0.0
        D:2 |       6 |       0 |   0.0 |       3 |       0 |   0.0
        D:3 |      26 |       1 |   3.7 |      11 |       1 |   8.3
            +---------+---------+-------+---------+---------+-------
